 Dungeon Crawl Stone Soup version 0.20.1-1-g8b1a95d (console) character file.

157 hilaritas the Magician (level 5, 0/29 HPs)
             Began as a Deep Elf Wizard on Jan 26, 2018.
             Slain by a goblin
             ... wielding a cursed -1 hunting sling
              (3 damage)
             ... on level 3 of the Dungeon.
             The game lasted 00:11:55 (3892 turns).

hilaritas the Magician (Deep Elf Wizard)            Turns: 3892, Time: 00:11:55

Health: 0/29       AC:  3    Str:  4    XL:     5   Next: 15%
Magic:  0/13       EV: 13    Int: 24    God:
Gold:   158        SH:  0    Dex: 13    Spells: 6/12 levels left

rFire    . . .     SeeInvis .   e - +0 short sword
rCold    . . .     Gourm    .   (no shield)
rNeg     . . .     Faith    .   a - +0 robe
rPois    +         Spirit   .   f - +0 helmet
rElec    .         Reflect  .   (no cloak)
rCorr    .         Harm     .   (no gloves)
MR       .....                  (no boots)
Stlth    ++........             (no amulet)
Regen    0.1/turn               b - ring of poison resistance
MPRegen  0.2/turn               (no ring)

@: no status effects
A: no striking features
a: no special abilities


You were on level 3 of the Dungeon.
You were not hungry.

You visited 1 branch of the dungeon, and saw 3 of its levels.

You collected 158 gold pieces.

Inventory:

Hand Weapons
 e - a +0 short sword (weapon)
Armour
 a - a +0 robe (worn)
 f - a +0 helmet (worn)
Jewellery
 b - a ring of poison resistance (left hand)
Potions
 j - a potion of ambrosia {unknown}
 m - a potion of haste
 n - a potion of resistance
Books
 c - a book of Minor Magic

   Spells                             Type                      Level
   a - Magic Dart                     Conjuration                  1
   b - Blink                          Translocation                2
   c - Call Imp                       Summoning                    2
   d - Slow                           Hexes                        2
   e - Conjure Flame                  Conjuration/Fire             3
   f - Mephitic Cloud                 Conjuration/Poison/Air       3
Comestibles
 d - 4 bread rations
 g - 6 fruits
 h - 3 royal jellies
 k - a meat ration


   Skills:
 * Level 1.6 Fighting
 * Level 3.3 Dodging
 - Level 2.4 Stealth
 - Level 4.4 Spellcasting
 * Level 4.3 Conjurations
   Level 1.1 Summonings
 - Level 1.1 Translocations
 * Level 0.4 Fire Magic


You had 6 spell levels left.
You knew the following spells:

 Your Spells              Type           Power        Failure   Level  Hunger
a - Magic Dart            Conj           ####         1%          1    None
b - Blink                 Tloc           N/A          9%          2    None
c - Conjure Flame         Conj/Fire      ###.....     11%         3    ##.....


Dungeon Overview and Level Annotations

Branches:
Dungeon (3/15)

Altars:
Xom


Message History

The magic dart hits the goblin.
You kill the goblin!
The goblin shoots a stone.
The stone barely misses you.
Casting: Magic Dart
Confirm with . or Enter, or press ? or * to list all spells.
Aiming: Magic Dart
Press: ? - help, Shift-Dir - straight line, f - gnoll
Aim: a gnoll, wielding a spear (moderately wounded)
The magic dart hits the goblin.
You kill the goblin!
You completely miss the goblin. The goblin barely misses you.
You barely miss the goblin. The goblin closely misses you.
The gnoll closely misses you.
You hit the goblin.
The goblin is almost dead.
The gnoll closely misses you.
You barely miss the goblin.
The goblin is almost dead.
The goblin hits you with an enchanted hunting sling.
You die...

################## ######
...........#...... #....#
...........')..... #....#
...........#########....##
########...g......#......#
#..........'......+
######..........#......#
.......))#########....##
.........g@......#....#
........g#g.(....#....#
#########################''######
#≈≈≈≈≈≈≈≈≈≈≈≈≈≈≈≈≈≈≈≈≈≈≈.....≈≈≈≈
≈≈≈≈≈≈≈≈≈≈≈≈≈≈≈≈≈≈≈≈≈≈≈.....≈≈≈≈≈
≈≈≈≈≈≈≈≈≈≈≈≈≈≈≈≈≈≈≈≈≈≈≈.....≈≈≈≈≈
≈≈≈≈≈≈.≈.≈≈≈≈≈≈...≈≈≈.≈≈....≈≈≈≈≈
.........................).....(.
....................)............
#.###.###.#)#########.###........
#.###[..#...........#.# ##)#.####


You could see a gnoll and 2 goblins.

Vanquished Creatures
  Robin (D:3)
  2 adders
  3 gnolls (D:3)
  An ooze (D:3)
  A worm (D:3)
  4 dart slugs
  3 leopard geckos
  An orc (D:3)
  A ball python (D:1)
  A giant cockroach (D:1)
  19 goblins
  13 hobgoblins
  8 bats
  4 frilled lizards
  7 kobolds
  12 rats
81 creatures vanquished.

Notes
Turn   | Place    | Note
-------+----------+-------------------------------------------
     0 | D:1      | hilaritas the Deep Elf Wizard began the quest for the Orb.
     0 | D:1      | Reached XP level 1. HP: 10/10 MP: 7/7
   629 | D:1      | Reached XP level 2. HP: 16/16 MP: 5/9
   649 | D:1      | Learned a level 2 spell: Blink
   924 | D:1      | Reached skill level 1 in Fighting
  1513 | D:2      | Reached XP level 3. HP: 20/20 MP: 7/10
  1726 | D:2      | HP: 2/20 [worm (1)]
  2395 | D:3      | Reached XP level 4. HP: 25/25 MP: 4/12
  2538 | D:3      | Found a shimmering altar of Xom.
  2619 | D:3      | Learned a level 3 spell: Conjure Flame
  2832 | D:3      | Noticed Robin
  2851 | D:3      | Killed Robin
  3645 | D:3      | Reached XP level 5. HP: 16/29 MP: 2/13
  3874 | D:3      | HP: 1/29 [gnoll/spear (10)]
  3881 | D:3      | HP: 2/29 [goblin/club (6)]
  3892 | D:3      | Slain by a goblin

Skill      XL: |  1  2  3  4 |
---------------+-------------+-----
Fighting       | 1 |  1.6
Conjurations   | 2 3 4 |  4.3
Dodging        | 3 |  3.3
Stealth        | |  2.4
Spellcasting   | |  4.4
Summonings     | |  1.1
Translocations | |  1.1
Fire Magic     | |  0.4

Action                   |  1- 3 |  4- 6 || total
-------------------------+-------+-------++-------
Melee: Short sword       |    10 |    26 ||    36
 Cast: Magic Dart        |   103 |    84 ||   187
       Conjure Flame     |       |     3 ||     3
  Use: Scroll            |     6 |     3 ||     9
       Potion            |       |     1 ||     1
  Eat: Chunk             |     4 |     5 ||     9
Armor: Robe              |     2 |     8 ||    10
Dodge: Dodged            |    15 |    47 ||    62
